 Dungeon Crawl Stone Soup version 0.30.1 (webtiles) character file.

Game seed: 13091290790191129515

714 DemonSlayer the Digger (level 7, 0/48 HPs)
             Began as a Demonspawn Earth Elementalist on July 10, 2023.
             Slain by Duvessa
             ... wielding a +0 short sword
              (5 damage)
             ... on level 4 of the Dungeon.
             The game lasted 00:10:00 (3826 turns).

DemonSlayer the Digger (DsEE)                       Turns: 3826, Time: 00:10:01

Health: 0/48       AC: 10    Str:  5 (8)  XL:     7   Next: 41%
Magic:  0/13       EV: 12    Int: 16 (17) God:
Gold:   329        SH:  4    Dex: 12 (15) Spells: 6/15 levels left

rFire   + . .        i - +2 dagger (venom)
rCold   . . .        (no shield)
rNeg    . . .        t - +2 robe {rF+}
rPois   .            (no helmet)
rElec   .            (no cloak)
rCorr   .            (no gloves)
SInv    .            (no boots)
Will    .....        j - amulet of guardian spirit
Stlth   ++           (no ring)
HPRegen 0.28/turn    (no ring)
MPRegen 0.13/turn

%: guardian spirit
@: mighty, sanguine armoured
A: sanguine armour 1, condensation shield, weakness stinger 2
a: no special abilities


You were on level 4 of the Dungeon.
You visited 1 branch of the dungeon, and saw 5 of its levels.

You collected 329 gold pieces.

Inventory:

Hand Weapons
 i - a +2 dagger of venom (weapon)
Armour
 t - a +2 robe of fire resistance (worn)
Jewellery
 j - an amulet of guardian spirit (around neck)
Wands
 a - a wand of flame (6)
Scrolls
 c - a scroll of amnesia {unknown}
 d - 2 scrolls of immolation {unknown}
 e - 4 scrolls of identify {unknown}
 f - 3 scrolls of magic mapping {unknown}
 g - a scroll of torment {unknown}
 h - a scroll of fear {unknown}
 k - a scroll of teleportation {unknown}
 l - 4 scrolls of silence {unknown}
 m - a scroll of summoning {unknown}
 p - a scroll of vulnerability {unknown}
 r - a scroll of enchant armour {unknown}
 s - a scroll of blinking {unknown}


   Skills:
 + Level 1.3 Fighting
 + Level 1.5 Short Blades
 + Level 2.0 Dodging
 + Level 3.8 Stealth
 + Level 4.5 Spellcasting
 + Level 1.8 Conjurations
 + Level 0.8 Transmutations
 + Level 4.9 Earth Magic


You had 6 spell levels left.
You knew the following spells:

 Your Spells              Type           Power      Damage    Failure   Level
a - Sandblast             Erth           38%        2d10      1%          1
b - Stone Arrow           Conj/Erth      28%        3d8       12%         3
c - Passwall              Tmut/Erth      10%        N/A       8%          2
d - Ignite Poison         Fire/Tmut/Pois 4%         N/A       41%         3

Your spell library contained the following spells:

 Spells                   Type           Power      Damage    Failure   Level
 Wereblood                Tmut           6%         N/A       17%         2
 Cigotuvi's Dreadful Rot  Necr/Pois/Air  6%         N/A       24%         2
 Ensorcelled Hibernation  Hex/Ice        6%         N/A       24%         2
 Sublimation of Blood     Necr           3%         N/A       24%         2
 Swiftness                Air            3%         N/A       43%         3
 Petrify                  Tmut/Erth      12%        N/A       43%         4
 Freezing Cloud           Conj/Ice/Air   2%         6-21      98%         5
 Summon Hydra             Summ           1%         N/A       100%        7


Dungeon Overview and Level Annotations

Branches:
Dungeon (5/15)
 Temple: D:4-7

Altars:
Ru
Yredelemnul

Annotations:
D:4 Duvessa
D:5 Pikel


Innate Abilities, Weirdness & Mutations

When seriously injured, your blood forms armour. (AC +6)
A meltable shield of frost defends you. (SH +4)
You have a tail ending in a sharp stinger.


Message History

HP restored.
You start waiting.
Duvessa is nearby!
Duvessa is nearby!
Duvessa is nearby!
Duvessa is nearby!
The puff of flame hits Duvessa but does no damage.
The puff of flame hits Duvessa.
Duvessa is lightly wounded.
Duvessa rages.
The stone arrow hits Duvessa.
Duvessa is lightly wounded.
Duvessa hits you with a +0 short sword!
The stone arrow hits Duvessa!
Duvessa is heavily wounded.
Duvessa completely misses you.
The stone arrow hits Duvessa!
Duvessa is severely wounded.
Duvessa hits you with a +0 short sword!
Your blood congeals into armour.
You block Duvessa's attack.
You don't have enough magic to cast this spell.
The blast of sand hits Duvessa but does no damage.
Duvessa is severely wounded.
Duvessa hits you but does no damage. Duvessa closely misses you.
You hit Duvessa.
You tail-slap Duvessa, but do no damage.
Duvessa is severely wounded.
Duvessa hits you with a +0 short sword!
It was a potion of might.
You feel very mighty all of a sudden.
Duvessa hits you with a +0 short sword. x2
* * * LOW HITPOINT WARNING * * *
You barely miss Duvessa.
Duvessa is severely wounded.
Duvessa hits you with a +0 short sword!
* * * LOW HITPOINT WARNING * * *
You hit Duvessa.
Duvessa is almost dead.
Duvessa barely misses you. Duvessa hits you with a +0 short sword.
You die...

#.# #######.#
#.......#
#.#####.#####
##.### #.....#
##>...# #####.#
#.).#.# #...#
###...#.# #.###
#.#.@.#.#####.#
#...e.#)#.[.#.# ##
#.#...#.#.#.#.# .#
#.#.#.....#.#.# .#
#.......###.#.# .#
###.#.#####.#.# .#
####.#....##.#.# >#
##....####.#....###
.#
#..........#..#...#


You could see Duvessa (berserk).

Vanquished Creatures
  Sigmund (D:4)
  An ogre (D:4)
  A lemure (D:5)
  A scorpion (D:4)
  Dowan (D:4)
  2 jellies (D:5)
  An orc priest (D:5)
  Ijyb (D:4)
  3 iguanas
  Natasha (D:4)
  An orc wizard (D:4)
  6 adders
  2 worms
  2 dart slugs
  6 orcs
  4 ball pythons
  5 endoplasms
  2 giant cockroaches (D:2)
  7 hobgoblins
  6 kobolds
  A quokka (D:4)
  3 bats
  4 goblins
  A rat (D:1)
63 creatures vanquished.

Notes
Turn   | Place    | Note
-------+----------+-------------------------------------------
     0 | D:1      | DemonSlayer the Demonspawn Earth Elementalist began the
                  | quest for the Orb.
     0 | D:1      | Reached XP level 1. HP: 13/13 MP: 3/3
   676 | D:1      | Gained mutation: A meltable shield of frost defends you.
                  | (SH +4) [demonic ancestry]
   676 | D:1      | Reached XP level 2. HP: 19/19 MP: 5/5
  1315 | D:2      | Gained mutation: You have a small tail. [demonic ancestry]
  1315 | D:2      | Reached XP level 3. HP: 21/24 MP: 2/6
  1834 | D:3      | Reached XP level 4. HP: 30/31 MP: 8/8
  2268 | D:3      | Learned a level 3 spell: Stone Arrow
  2271 | D:3      | Learned a level 2 spell: Passwall
  2275 | D:3      | Learned a level 3 spell: Ignite Poison
  2510 | D:4      | Reached skill level 1 in Fighting
  2556 | D:4      | Noticed Sigmund
  2568 | D:4      | Killed Sigmund
  2569 | D:4      | Reached skill level 1 in Short Blades
  2569 | D:4      | Reached XP level 5. HP: 24/37 MP: 4/10
  2569 | D:4      | Gained mutation: When seriously injured, your blood forms
                  | armour. (AC +6) [demonic ancestry]
  2569 | D:4      | Reached XP level 6. HP: 27/43 MP: 4/11
  2657 | D:4      | Noticed Ijyb
  2682 | D:4      | Killed Ijyb
  2909 | D:4      | Noticed Natasha
  2911 | D:4      | Killed Natasha
  2946 | D:4      | Found a basalt altar of Yredelemnul.
  2947 | D:4      | Noticed Dowan
  2948 | D:4      | Noticed Duvessa
  2959 | D:4      | Killed Dowan
  2960 | D:4      | Gained mutation: You have a tail ending in a sharp stinger.
                  | [demonic ancestry]
  2960 | D:4      | Reached XP level 7. HP: 48/48 MP: 10/13
  2981 | D:5      | Entered Level 5 of the Dungeon
  3065 | D:5      | Reached skill level 1 in Conjurations
  3493 | D:5      | Found a sacrificial altar of Ru.
  3651 | D:5      | Noticed Pikel
  3826 | D:4      | Slain by Duvessa

Illustrated notes

Levels and vault maps discovered:
D:1:      wander_arrival_lonely_grave, layout_basic, chequers_avenue
D:2:      layout_rooms
D:3:      minmay_inner_zag, layout_basic
D:4:      layout_basic, mainiacjoe_overflow_small_starburst, uniq_natasha,
          uniq_ijyb, uniq_sigmund, uniq_duvessa
D:5:      layout_loops_ring, lemuel_coloured_pillars_altar, hex_medium,
          minmay_misc_feat_four_crosses, uniq_pikel

Skill      XL: |  1  2  3  4  5  6  7 |
---------------+----------------------+-----
Earth Magic    | 3 4 |  4.9
Stealth        | 2 3 |  3.8
Spellcasting   | 3 4 |  4.5
Fighting       | 1 |  1.3
Short Blades   | 1 |  1.5
Dodging        | 2 |  2.0
Conjurations   | 1 |  1.8
Transmutations | |  0.8

Action                     |  1- 3 |  4- 6 |  7- 9 || total
---------------------------+-------+-------+-------++-------
  Melee: Dagger            |    15 |    17 |    12 ||    44
         Tailslap          |     2 |     2 |     2 ||     6
   Cast: Sandblast         |    32 |    24 |    24 ||    80
         Stone Arrow       |       |     6 |    11 ||    17
  Evoke: Wand              |       |     2 |     2 ||     4
    Use: Potion            |       |     1 |     8 ||     9
   Stab: Sleeping          |     6 |     8 |     1 ||    15
 Armour: Robe              |     7 |     2 |    16 ||    25
  Dodge: Dodged            |    15 |    19 |    19 ||    53
  Block: Other             |     1 |     3 |     5 ||     9
